 Dungeon Crawl Stone Soup version 0.17.0-28-g6e173f8 (webtiles) character file.

42 dohliylev the Sneak (level 3, 0/18 HPs)
             Began as a Vine Stalker Assassin on Nov 30, 2015.
             Succumbed to an adder's poison
             ... on level 3 of the Dungeon.
             The game lasted 00:04:49 (1274 turns).

dohliylev the Sneak (Vine Stalker Assassin)         Turns: 1274, Time: 00:04:49

Health: 0/18       AC:  3    Str: 13    XL:     3   Next: 54%
Magic:  1/4        EV:  8    Int: 11    God:
Gold:   134        SH:  7    Dex: 16    Spells: 0 memorised, 2 levels left

rFire  . . .     SeeInvis .     a - +2 dagger
rCold  . . .     Clarity  .     c - +0 robe
rNeg   . . .     SustAt   .     i - +0 shield
rPois  .         Gourm    .     (no helmet)
rElec  .         Spirit   +     d - +0 cloak
rCorr  .         Warding  .     (no gloves)
rMut   .         Stasis   .     (no boots)
MR     .....                    (no amulet)
Stlth  +++.......               (no ring)
                                (no ring)

@: lethally poisoned (0 -> -11), not resistant to hostile enchantments, fairly
stealthy
A: fangs 2, regeneration 1, magic shield, antimagic bite, no device heal 3, rot
immunity
a: no special abilities


You were on level 3 of the Dungeon.
You were not hungry.

You visited 1 branch of the dungeon, and saw 3 of its levels.

You collected 134 gold pieces.

Inventory:

Hand Weapons
 a - a +2 dagger (weapon)
 b - a +0 blowgun
Missiles
 e - 8 poisoned needles
 f - 2 curare-tipped needles
Armour
 c - a +0 robe (worn)
 d - a +0 cloak (worn)
 i - a +0 shield (worn)
 w - a +0 pair of boots
Jewellery
 l - an uncursed amulet of resist mutation {unknown}
 o - an uncursed ring of ice {unknown}
Scrolls
 h - a scroll of remove curse {unknown}
 m - a scroll of teleportation {unknown}
 p - a scroll of recharging {unknown}
 q - 3 scrolls of identify {unknown}
 r - a scroll of fear {unknown}
 s - 4 scrolls of magic mapping {unknown}
Potions
 j - a potion of might {unknown}
 n - 2 potions of curing {unknown}
 u - a potion of ambrosia {unknown}
Comestibles
 g - 2 bread rations
 k - a meat ration
 t - 3 chunks of flesh
 v - a slice of pizza


   Skills:
 + Level 1.8 Fighting
 + Level 1.8 Short Blades
 + Level 2.0 Throwing
 + Level 0.8 Dodging
 * Level 6.2 Stealth


You had 2 spell levels left.
You didn't know any spells.

Dungeon Overview and Level Annotations

Branches:
Dungeon (3/15)

Altars:
Qazlal
Ru


Innate Abilities, Weirdness & Mutations

You have extremely sharp teeth.
Your natural rate of healing is unusually fast.
When hurt, damage is shared between your health and your magic reserves.
Your bite disrupts and absorbs the magic of your enemies.
Potions and wands cannot restore your health.
You are immune to rotting.


Message History

The adder bites you.
You are more poisoned.
The adder poisons you!
You miss the adder.
The adder is almost dead.
You feel sick. The adder bites you.
You are more poisoned.
The adder poisons you! The adder bites you.
You closely miss the adder.
The adder is almost dead.
You feel sick. The adder bites you.
* * * LOW HITPOINT WARNING * * *
* * * LOW HITPOINT WARNING * * *
You feel sick. The adder bites you.
* * * LOW HITPOINT WARNING * * *
You are more poisoned.
The adder poisons you!
* * * LOW HITPOINT WARNING * * *
You feel sick.
You die...

#)#..###.###
#..######.#..# #.#
##..#.........# #.#
.........>...# #.#
#..####.##...# #.# #..#
#.##...# #.# #..#
#.##...# #.#
#..####.##...# #.#
#..S.@...)...###.#
........#.........#...#
.#.###..#...).#.#.#.###
#...#.###.#.#.#.#
........ ..#.#.#.#
.#..#.#.#####.#.#.# .
...#.#...........#
...#..#$######..###
.#....#..#


You could see an adder.

Vanquished Creatures
  A worm (D:3)
  A giant gecko (D:2)
  A ball python (D:2)
  4 bats
  3 giant cockroaches (D:2)
  5 goblins
  6 hobgoblins
  2 quokkas
  4 giant newts
  3 kobolds
  5 rats
35 creatures vanquished.

Notes
Turn   | Place    | Note
--------------------------------------------------------------
     0 | D:1      | dohliylev the Vine Stalker Assassin began the quest for the Orb.
     0 | D:1      | Reached XP level 1. HP: 11/11 MP: 2/2
    21 | D:1      | Reached skill level 5 in Stealth
   201 | D:1      | Reached XP level 2. HP: 15/15 MP: 3/3
   639 | D:2      | Reached XP level 3. HP: 18/18 MP: 2/4
   964 | D:2      | Found a sacrificial altar of Ru.
   989 | D:2      | Reached skill level 6 in Stealth
  1124 | D:3      | Found a stormy altar of Qazlal.
  1274 | D:3      | Succumbed to an adder's poison

Action                   || total
-------------------------++-------
Melee: Dagger            ||    75
 Fire: Blowgun           ||     6
 Stab: Sleeping          ||    13
  Eat: Chunk             ||     1
